 Dungeon Crawl Stone Soup version 0.30-a0-586-g23e55c9e0a (webtiles) character file.

Game seed: 13030963555775843669

18655 cforsyth the Grappler (level 12, -6/110 HPs)
             Began as a Ghoul Monk on Jan 4, 2023.
             Was an Elder of Okawaru.
             Mangled by a hellwing (11 damage)
             ... on level 2 of the Abyss.
             The game lasted 00:26:58 (15738 turns).

cforsyth the Grappler (Ghoul Monk)                 Turns: 15738, Time: 00:26:58

Health: -6/110     AC: 26    Str: 20    XL:     12   Next: 60%
Magic:  14/14      EV:  9    Int:  5    God:    Okawaru [****..]
Gold:   481        SH: 13    Dex: 17    Spells: 11/11 levels left

rFire   . . .      SeeInvis .      - Unarmed
rCold   + . .      Faith    .    B - +0 kite shield {AC+3}
rNeg    + + +      Spirit   .    a - +0 plate armour
rPois   ∞          Reflect  .    (no helmet)
rElec   .          Harm     .    (no cloak)
rCorr   .          Rampage  .    e - +2 pair of gloves
Will    .....                    f - +2 pair of boots Stlth
                                 (no amulet)
HPRegen 0.00/turn                u - +6 ring of dexterity
MPRegen 0.14/turn                (no ring)

@: mighty, on fire, heroic, inhibited regen, glowing
A: claws 1, cold resistance 1, negative energy resistance 3, inhibited
regeneration, torment resistance 2, devour on kill
a: Renounce Religion, Heroism, Finesse


You were on level 2 of the Abyss.
You worshipped Okawaru.
Okawaru was greatly pleased with you.
You visited 2 branches of the dungeon, and saw 12 of its levels.
You visited the Abyss 1 time.

You collected 607 gold pieces.
You spent 126 gold pieces at shops.

Inventory:

Armour
 a - a +0 plate armour (worn)
 e - a +2 pair of gloves (worn)
 f - a +2 pair of boots (worn)
 B - a +0 kite shield of protection (worn)
Jewellery
 u - a +6 ring of dexterity (left hand)
Wands
 g - a wand of iceblast (9)
 p - a wand of flame (46)
 w - a wand of polymorph (7)
 C - a wand of acid (19)
Scrolls
 b - a scroll of blinking
 c - a scroll of magic mapping {unknown}
 i - a scroll of acquirement {unknown}
 k - 2 scrolls of poison
 l - 2 scrolls of fog
 n - 2 scrolls of teleportation
 o - 2 scrolls of vulnerability {unknown}
 q - 2 scrolls of torment
 t - 2 scrolls of immolation
 x - a scroll of silence {unknown}
 y - a scroll of summoning {unknown}
 z - a scroll of amnesia {unknown}
 A - 2 scrolls of noise {unknown}
Potions
 d - 3 potions of brilliance
 h - 3 potions of flight
 j - 3 potions of curing
 m - a potion of attraction {unknown}
 r - a potion of might
 v - a potion of heal wounds {unknown}
 D - a potion of invisibility {unknown}
 E - a potion of lignification {unknown}


   Skills:
 + Level 11.6(16.6) Fighting
 + Level 9.1(14.1) Armour
 - Level 2.6(7.6) Dodging
 - Level 2.1(7.1) Stealth
 + Level 9.0(14.0) Shields
 + Level 11.6(16.6) Unarmed Combat
 + Level 5.1 Invocations


You had 11 spell levels left.
You didn't know any spells.
Your spell library contained the following spells:

 Spells                   Type           Power      Damage    Failure   Level
 Shock                    Conj/Air       0%         1d3       100%        1
 Sting                    Tmut/Pois      0%         1d3       100%        1
 Poisonous Vapours        Pois/Air       0%         N/A       100%        2
 Static Discharge         Conj/Air       0%         2-2/arc   100%        2
 Dazzling Flash           Conj/Hex       0%         N/A       100%        3
 Kindle Blastsparks       Fire/Tloc/Air  0%         2d10      100%        3
 Vhi's Electric Charge    Tloc/Air       0%         N/A       100%        3
 Fulminant Prism          Conj/Hex       0%         3d5       100%        4
 Iskenderun's Mystic Bla  Conj/Tloc      0%         2d3       100%        4
 Olgreb's Toxic Radiance  Pois           0%         N/A       100%        4
 Agony                    Necr           0%         N/A       100%        5
 Arcjolt                  Conj/Air       0%         1d10      100%        5
 Lee's Rapid Deconstruct  Erth           0%         3d4*      100%        5
 Lightning Bolt           Conj/Air       0%         1d11      100%        5
 Silence                  Hex/Air        0%         N/A       100%        5
 Yara's Violent Unravell  Hex/Tmut       0%         3d3       100%        5
 Conjure Ball Lightning   Conj/Air       0%         3x3d7     100%        6
 Eringya's Noxious Bog    Tmut/Pois      0%         N/A       100%        6
 Enfeeble                 Hex            0%         N/A       100%        7
 Chain Lightning          Conj/Air       0%         N/A       100%        9


Dungeon Overview and Level Annotations

Branches:
Dungeon (11/15)            Temple (1/1) D:6            Lair (0/5) D:10
    Orc (0/2) D:9

Altars:
Ashenzari
Dithmenos
Fedhas
Gozag
Hepliaklqana
Makhleb
Okawaru
Qazlal
Ru
Trog
Uskayaw
Vehumet

Shops:
D:1 [   D:5 *   D:6 (   D:8 (


Innate Abilities, Weirdness & Mutations

You are immune to poison.
You have sharp fingernails.
Your flesh is cold resistant. (rC+)
You are immune to negative energy. (rN+++)
You do not regenerate when monsters are visible.
You are immune to unholy pain and torment.
You thrive by killing the living.


Message History

The smoke demon roars!
You block the hellwing's attack. The hellwing barely misses you. x2
The hellwing hits you but does no damage.
Unknown command.
You hit the hellwing.
The hellwing is lightly wounded.
A chaos spawn comes into view.
The hellwing hits you but does no damage.
The hellwing closely misses you. You block the hellwing's attack. x2
Unknown command.
You punch the hellwing!
The hellwing is moderately wounded.
You block the hellwing's attack. x2; The hellwing hits you!
* * * LOW HITPOINT WARNING * * *
The hellwing hits you.
* * * LOW HITPOINT WARNING * * *
You punch the hellwing!
The hellwing is moderately wounded.
You block the hellwing's attack.
The hellwing hits you but does no damage.
The hellwing barely misses you. x2
You punch the hellwing!
The hellwing is severely wounded.
You closely miss the hellwing.
The hellwing is severely wounded.
The hellwing hits you but does no damage.
You block the hellwing's attack. x3
You pummel the hellwing!!
You kill the hellwing!
Okawaru accepts your kill. You block the hellwing's attack.
The hellwing closely misses you. The smoke demon gestures at you.
The sticky flame hits you but does no damage.
You are covered in liquid flames!
Unknown command.
You feel better.
You are covered in liquid flames!
* * * LOW HITPOINT WARNING * * *
The hellwing hits you!
You die...

# . ....# .
....# #. #
.....# .####.#
## ......
....#.####.....#
......3.......#
###.44........ #
#..@###.## .
##.....# .
#.#...# #..
##.##### #) #
... #..# .## # #


You could see a hellwing, a smoke demon and a chaos spawn.

Vanquished Creatures
  A purple draconian (Abyss:2)
  5 death yaks
  2 two-headed ogres (D:10)
  A sixfirhy (Abyss:2)
  A glowing orange brain (Abyss:2)
  3 large abominations (Abyss:2)
  Pikel (D:4)
  An ugly thing (D:7)
  3 cyclopes
  A smoke demon (Abyss:2)
  A komodo dragon (D:10)
  A kobold demonologist (D:9)
  A hellwing (Abyss:2)
  A troll (D:9)
  A hornet (D:9)
  A wraith (D:10)
  8 yaks
  2 neqoxecs (Abyss:2)
  5 steam dragons
  A vampire mosquito (D:7)
  Menkaure (D:5)
  3 small abominations (Abyss:2)
  An acid dragon (D:8)
  Duvessa (D:5)
  A water moccasin (D:4)
  6 orc warriors
  2 ice beasts
  A black bear (D:7)
  2 ogres
  3 centaurs
  4 phantoms
  3 kobold brigands
  3 bullfrogs
  4 gnoll sergeants (D:8)
  A necrophage (D:7)
  3 scorpions
  6 wights
  Dowan (D:5)
  11 killer bees (D:10)
  3 howler monkeys (D:9)
  A quasit (Abyss:2)
  8 hounds
  15 orc priests
  3 gnoll boudas
  4 iguanas
  19 orc wizards
  2 adders
  24 gnolls
  3 white imps
  An ufetubus (D:4)
  3 dart slugs
  32 orcs
  10 endoplasms
  5 giant cockroaches
  9 goblins
  4 hobgoblins
  8 jackals
  4 quokkas
  2 ball pythons
  6 bats
  4 frilled lizards
  15 kobolds
  3 rats
286 creatures vanquished.

Vanquished Creatures (others)
  An orc (D:9)
1 creature vanquished.

Grand Total: 287 creatures vanquished

Notes
Turn   | Place    | Note
-------+----------+-------------------------------------------
     0 | D:1      | cforsyth the Ghoul Monk began the quest for the Orb.
     0 | D:1      | Reached XP level 1. HP: 19/19 MP: 0/0
   109 | D:1      | Reached XP level 2. HP: 7/26 MP: 1/1
   118 | D:1      | HP: 1/27 [jackal (2)]
   367 | D:1      | Found Gooburph's Armour Boutique.
   647 | D:1      | Reached XP level 3. HP: 29/33 MP: 2/2
  2027 | D:2      | Reached XP level 4. HP: 36/40 MP: 3/3
  2733 | D:3      | Found a stormy altar of Qazlal.
  2744 | D:3      | Found an iron altar of Okawaru.
  2748 | D:3      | Became a worshipper of Warmaster Okawaru
  2748 | D:3      | Reached * piety under Okawaru
  2748 | D:3      | Reached ** piety under Okawaru
  2919 | D:3      | Found a radiant altar of Vehumet.
  2919 | D:3      | Found a hazy altar of Hepliaklqana.
  2927 | D:3      | Found a bloodstained altar of Trog.
  2929 | D:3      | Found an opulent altar of Gozag.
  2931 | D:3      | Found a shadowy altar of Dithmenos.
  3029 | D:4      | Reached skill level 1 in Armour
  3089 | D:4      | Reached skill level 1 in Shields
  3089 | D:4      | Reached XP level 5. HP: 15/47 MP: 4/4
  3609 | D:4      | Noticed an ogre
  4129 | D:5      | Entered Level 5 of the Dungeon
  4129 | D:5      | Noticed Duvessa
  4543 | D:5      | Reached XP level 6. HP: 49/55 MP: 5/5
  4559 | D:5      | Reached skill level 5 in Unarmed Combat
  4563 | D:5      | Reached skill level 5 in Fighting
  4683 | D:5      | Noticed Pikel
  4696 | D:5      | Noticed Dowan
  4954 | D:4      | Killed Pikel
  4955 | D:4      | Reached XP level 7. HP: 23/62 MP: 3/6
  5126 | D:4      | Reached *** piety under Okawaru
  5127 | D:4      | Reached XP level 8. HP: 55/70 MP: 4/7
  5221 | D:5      | Killed Dowan
  5656 | D:5      | Killed Duvessa
  5946 | D:5      | Noticed Menkaure
  5978 | D:5      | Killed Menkaure
  6131 | D:5      | Found Qumeblib's Lightly-Used Armoury.
  6218 | D:5      | Found a sacrificial altar of Ru.
  6777 | D:6      | Reached XP level 9. HP: 79/79 MP: 8/8
  6787 | D:6      | Found a hide-covered altar of Uskayaw.
  6804 | D:6      | Reached **** piety under Okawaru
  6809 | D:6      | Found a staircase to the Ecumenical Temple.
  6947 | D:1      | Bought a +0 kite shield of protection for 126 gold pieces
  7055 | D:6      | Identified the +1 robe of Melancholy {rF+ Will+}
  7344 | Temple   | Entered the Ecumenical Temple
  7543 | D:6      | Reached skill level 5 in Armour
  7543 | D:6      | Reached skill level 5 in Shields
  7816 | D:6      | Found Kissytud's Antique Weapon Shoppe.
  9611 | D:7      | Noticed a cyclops
  9618 | D:7      | Killed a cyclops
  9619 | D:7      | Reached XP level 10. HP: 51/90 MP: 6/9
  9815 | D:7      | Noticed a cyclops
  9824 | D:7      | Killed a cyclops
  9905 | D:7      | Noticed a white ugly thing
  9914 | D:7      | Killed a white ugly thing
 10378 | D:7      | Reached ***** piety under Okawaru
 11312 | D:7      | Received a gift from Okawaru
 12320 | D:8      | Reached XP level 11. HP: 99/99 MP: 10/10
 12356 | D:8      | Found Xemesiw's Weapon Shoppe.
 12662 | D:9      | Found a staircase to the Orcish Mines.
 12761 | D:9      | Reached skill level 10 in Fighting
 12761 | D:9      | Reached skill level 10 in Unarmed Combat
 13004 | D:9      | Found a blossoming altar of Fedhas.
 13541 | D:10     | Entered Level 10 of the Dungeon
 13781 | D:10     | Noticed a death yak
 13787 | D:10     | Noticed a death yak
 13852 | D:9      | Killed a death yak
 13959 | D:10     | Killed a death yak
 13960 | D:10     | Reached skill level 1 in Invocations
 14017 | D:10     | Received a gift from Okawaru
 14018 | D:10     | Noticed a two-headed ogre
 14034 | D:10     | Killed a two-headed ogre
 14201 | D:10     | Received a gift from Okawaru
 14303 | D:10     | Found a staircase to the Lair.
 14314 | D:10     | Identified the +0 leather armour "Qoggarghi" {Rampage
                  | Dex+2}
 14403 | D:10     | Noticed a two-headed ogre
 14412 | D:10     | Killed a two-headed ogre
 14531 | D:10     | Noticed a death yak
 14531 | D:10     | Noticed a death yak
 14531 | D:10     | Noticed a death yak
 14597 | D:9      | Killed a death yak
 14610 | D:9      | Killed a death yak
 14674 | D:10     | Killed a death yak
 14675 | D:10     | Reached XP level 12. HP: 74/108 MP: 11/13
 15119 | D:11     | Got the Vellum of Combed Thunderclap
 15126 | D:11     | Got the Codex of Axaxaxas mlö
 15377 | Abyss:2  | Cast into level 2 of the Abyss (a wizard)
 15408 | Abyss:2  | Noticed a purple draconian
 15439 | Abyss:2  | Killed a purple draconian
 15713 | Abyss:2  | Noticed a large abomination
 15727 | Abyss:2  | Killed a large abomination
 15728 | Abyss:2  | Reached skill level 5 in Invocations
 15733 | Abyss:2  | HP: 2/110 [hellwing (4)]
 15738 | Abyss:2  | HP: 5/110 [burnt (3)]
 15738 | Abyss:2  | Mangled by a hellwing

Illustrated notes

Levels and vault maps discovered:
D:1:      minmay_arrival_three_doors, layout_basic, serial_shops, shop,
          nicolae_titane
D:2:      layout_basic
D:3:      layout_basic, mainiacjoe_overflow_alcove_1,
          chequers_temple_overflow_minitemple, mainiacjoe_overflow_big_doors,
          minmay_joined_circles
D:4:      layout_gridville
D:5:      layout_loops_ring, kennysheep_mini_moat, minmay_shop_damaged,
          minmay_diced_spiral, uniq_pikel, uniq_menkaure, uniq_duvessa
D:6:      cheibrodos_steamvent, layout_cave_pools, nicolae_uskayaw_suspiria,
          minmay_temple_entry_ruins, serial_shops, shop
D:7:      layout_rooms, kb_rosetta
D:8:      minmay_flawed_box, layout_cave_pools, serial_gnoll_camp,
          gnoll_camp_mini_shop, gnoll_camp_mini_loothouse, gnoll_camp_mini_hut,
          gnoll_camp_huts_basic, gnoll_camp_mini_hut, gnoll_camp_mini_hut,
          reono_crystal_passage
D:9:      layout_roguey, lemuel_crystal_altar
D:10:     layout_loops_cross, dpeg_lair_monsters
D:11:     layout_grid_maze, bh_hangedman_babel_library
Temple:   nicolae_temple_bog_church
Abyss:2:  base: D:11, base: D:9, hangedman_shadowy_showcase, base:
D:9

Skill      XL: |  1  2  3  4  5  6  7  8  9 10 11 12 |
---------------+-------------------------------------+-----
Fighting       | 4 5 6 7 8 9 10 11 | 11.6
Unarmed Combat | 4 5 6 7 8 9 10 11 | 11.6
Armour         | 1 3 4 6 7 8 9 |  9.1
Shields        | 1 3 4 6 7 8 9 |  9.0
Invocations    | 3 5 |  5.1
Dodging        | |  2.6
Stealth        | |  2.1

Action                   |  1- 3 |  4- 6 |  7- 9 | 10-12 || total
-------------------------+-------+-------+-------+-------++-------
Melee: Unarmed           |   126 |   171 |   336 |   736 ||  1369
       Punch             |     1 |       |       |       ||     1
Invok: Heroism           |       |     1 |     7 |    20 ||    28
  Use: Scroll            |       |     3 |     7 |     7 ||    17
       Potion            |       |       |     1 |     3 ||     4
 Stab: Sleeping          |     5 |       |     2 |       ||     7
Armor: Robe              |    20 |       |       |       ||    20
       Ring mail         |    32 |    89 |   100 |       ||   221
       Plate armour      |       |       |    20 |   432 ||   452
Dodge: Dodged            |    77 |    80 |   121 |   142 ||   420
Block: Kite shield       |    12 |    89 |   155 |   397 ||   653

Table legend: (Time is in decaauts)
 A = Elapsed time spent in this place.
 B = Non-inter-level travel time spent in this place.
 C = Inter-level travel time spent in this place.
 D = Time resting spent in this place.
 E = Time spent auto-exploring this place.
 F = Levels seen in this place.
 G = Mean time per level.
                   A        B        C        D        E       F      G
               +--------+--------+--------+--------+--------+-----+--------+
         Total |  15737 |  15184 |    553 |   5239 |   7021 |  13 | 1210.5 |
       Dungeon |  15203 |  14650 |    553 |   4849 |   7006 |  11 | 1382.1 |
        Temple |    187 |    187 |      0 |    186 |      0 |   1 |  187.0 |
         Abyss |    346 |    346 |      0 |    204 |     15 |   1 |  346.0 |
               +--------+--------+--------+--------+--------+-----+--------+

Top non-repeatable levels by time:
     D:7: 2448 daAuts
     D:6: 2333 daAuts
     D:4: 2276 daAuts
     D:1: 1378 daAuts
     D:5: 1329 daAuts
    D:10: 1276 daAuts
     D:9: 1080 daAuts
     D:8: 983 daAuts
     D:3: 887 daAuts
     D:2: 865 daAuts
 Abyss:2: 346 daAuts
    D:11: 344 daAuts
  Temple: 187 daAuts
